 Dungeon Crawl Stone Soup version 0.26-a0-695-g987792ac36 (webtiles) character file.

Game seed: 2644154839673787850

43250 somkeydreadnuts the Prestidigitator (level 14, -6/86 HPs)
             Began as a Gargoyle Earth Elementalist on Oct 26, 2020.
             Was the Champion of Vehumet.
             Killed from afar by an efreet (26 damage)
             ... with a fireball
             ... on level 15 of the Dungeon.
             The game lasted 02:06:22 (17246 turns).

somkeydreadnuts the Prestidigitator (GrEE)         Turns: 17246, Time: 02:06:22

Health: -6/86      AC: 27    Str: 13    XL:     14   Next: 23%
Magic:  4/28       EV: 14    Int: 25    God:    Vehumet [******]
Gold:   453        SH:  6    Dex: 10    Spells: 9/33 levels left

rFire    . . .     SeeInvis .   L - +10 broad axe "Kijah" {venom, +Blink rF- Int+5}
rCold    + . .     Faith    +   i - +1 buckler
rNeg     + . .     Spirit   .   y - +0 steam dragon scales
rPois    ∞         Reflect  .   O - +0 hat {MR+}
rElec    +         Harm     .   R - scarf {rC+ rF+}
rCorr    .         Rampage  .   k - +1 pair of gloves
MR       +++..                  (no boots)
Stlth    ++........             I - amulet of faith
HPRegen  0.24/turn              F - ring "Yraeg" {rElec MR+ AC+4}
MPRegen  0.21/turn              E - +4 ring of protection

@: no status effects
A: big wings, negative energy resistance 1, electricity resistance, unbreathing,
petrification resistance, rot immunity, AC +10
a: Fly, Renounce Religion, Evoke Blink


You were on level 15 of the Dungeon.
You worshipped Vehumet.
Vehumet was exalted by your worship.
You visited 1 branch of the dungeon, and saw 15 of its levels.
You also visited: Bailey.

You collected 1408 gold pieces.
You spent 955 gold pieces at shops.

Inventory:

Hand Weapons
 D - the +7 short sword of the Hand {venom, rC+ MR+ Str+3}
   (You took it off a wight on level 7 of the Dungeon)

   It poisons the flesh of those it strikes.
   It affects your strength (+3).
   It protects you from cold.
   It affects your resistance to hostile enchantments.
 L - the +10 broad axe "Kijah" (weapon) {venom, +Blink rF- Int+5}
   (You found it on level 8 of the Dungeon)

   It poisons the flesh of those it strikes.
   It affects your intelligence (+5).
   It makes you vulnerable to fire.
   It lets you blink.
Missiles
 b - 129 stones (quivered)
Armour
 i - a +1 buckler (worn)
 k - a +1 pair of gloves (worn)
 y - +0 steam dragon scales (worn)
 M - the +1 leather armour of Lurri {+Fly rC++}
   (You found it on level 8 of the Dungeon)

   It greatly protects you from cold.
   It lets you fly.
 O - a +0 hat of magic resistance (worn)
 R - a scarf of resistance (worn)
Jewellery
 c - an uncursed ring of stealth
 o - an uncursed ring of positive energy
 A - an uncursed ring of teleportation
 E - a +4 ring of protection (right hand)
 F - the ring "Yraeg" (left hand) {rElec MR+ AC+4}
   (You bought it in a shop on level 11 of the Dungeon)

   [ring of protection]

   It affects your AC (+4).
   It insulates you from electricity.
   It affects your resistance to hostile enchantments.
 I - an amulet of faith (around neck)
 Q - an uncursed ring of ice {unknown}
Wands
 m - a wand of digging (5)
 n - a wand of disintegration (16)
 q - a wand of polymorph (9)
 s - a wand of acid (7)
 w - a wand of enslavement (7)
 z - a wand of iceblast (4)
 J - a wand of flame (35)
Scrolls
 a - 9 scrolls of remove curse
 d - a scroll of noise
 f - a scroll of amnesia
 h - a scroll of enchant armour
 j - 2 scrolls of immolation
 l - 9 scrolls of identify
 r - 7 scrolls of teleportation
 u - a scroll of fog
 C - a scroll of magic mapping
 H - a scroll of enchant weapon
 N - a scroll of summoning {unknown}
 P - a scroll of torment {unknown}
 S - a scroll of fear {unknown}
Potions
 e - a potion of ambrosia
 g - 2 potions of haste
 p - 3 potions of might
 t - 2 potions of flight
 v - a potion of stabbing
 B - 2 potions of curing
 G - a potion of berserk rage
Miscellaneous
 K - a lightning rod (4/4)


   Skills:
 - Level 9.5 Fighting
 - Level 0.5 Short Blades
 - Level 1.2 Axes
 - Level 6.5 Armour
 + Level 6.1 Dodging
 - Level 2.1 Stealth
 - Level 7.0 Shields
 - Level 0.2 Unarmed Combat
 - Level 10.0 Spellcasting
 - Level 7.2 Conjurations
   Level 0.7 Transmutations
 - Level 7.1 Fire Magic
 - Level 10.1 Earth Magic
 - Level 10.4 Evocations


You had 9 spell levels left.
You knew the following spells:

 Your Spells              Type           Power        Failure   Level
a - Sandblast             Erth           ######       1%          1
b - Freeze                Ice            ##..         1%          1
c - Lee's Rapid Deconstr  Erth           ######....   1%          5
d - Bolt of Magma         Conj/Fire/Erth ######....   1%          5
e - Starburst             Conj/Fire      #####.....   11%         6
f - Iron Shot             Conj/Erth      ######....   6%          6

Your spell library contained the following spells:

 Spells                   Type           Power        Failure   Level
 Irradiate                Conj/Tmut      ####......   7%          5
 Magic Dart               Conj           ####         1%          1
 Passwall                 Tmut/Erth      #####...     1%          2
 Conjure Flame            Conj/Fire      #####...     1%          3
 Dazzling Flash           Conj/Hex       ####..       1%          3
 Inner Flame              Hex/Fire       ####....     1%          3
 Mephitic Cloud           Conj/Pois/Air  ###.....     1%          3
 Stone Arrow              Conj/Erth      ######       1%          3
 Beastly Appendage        Tmut           ###...       3%          1
 Corona                   Hex            ##.....      4%          1
 Summon Small Mammal      Summ           ##..         4%          1
 Wereblood                Tmut           ###.....     5%          2
 Petrify                  Tmut/Erth      #####...     5%          4
 Blink                    Tloc           N/A          8%          2
 Call Imp                 Summ           ##......     8%          2
 Ensorcelled Hibernation  Hex/Ice        ##....       8%          2
 Slow                     Hex            ##......     8%          2
 Spider Form              Tmut/Pois      ##........   13%         3
 Call Canine Familiar     Summ           ##......     14%         3
 Confusing Touch          Hex            ##......     14%         3
 Summon Guardian Golem    Hex/Summ       ##......     14%         3
 Tukima's Dance           Hex            ##......     14%         3
 Ice Form                 Ice/Tmut       ##......     38%         4
 Summon Ice Beast         Ice/Summ       ##......     43%         4
 Summon Lightning Spire   Summ/Air       ##......     43%         4
 Blade Hands              Tmut           ###.......   71%         5


Dungeon Overview and Level Annotations

Branches:
Dungeon (15/15)            Temple (0/1) D:6            Lair (0/6) D:8
    Orc (0/2) D:11         Vaults (0/5) D:13         Bailey (visited)
 Depths: D:15

Altars:
Ashenzari
Cheibriados
Elyvilon
Fedhas
Gozag
Hepliaklqana
Kikubaaqudgha
Makhleb
Okawaru
Qazlal
Vehumet
Xom

Shops:
D:5 [   D:6 [   D:11 =*[=!   D:14 (

Annotations:
D:4 Pikel
D:9 Erolcha


Innate Abilities, Weirdness & Mutations

You are resistant to torment.
Your stone body is resilient. (AC +10)
You are immune to poison.
Your large and strong wings let you fly indefinitely.
You resist negative energy. (rN+)
You are resistant to electric shocks. (rElec)
You can survive without breathing.
You are immune to petrification.
You are immune to rotting.


Message History

The efreet burns you.
* * * LOW HITPOINT WARNING * * *
You feel much better. The efreet gestures at you.
The fireball explodes!
The fireball engulfs you!!
* * * LOW HITPOINT WARNING * * *
The fireball engulfs the efreet.
The efreet completely resists.
Unknown command.
You blink.
Casting: Sandblast (safe; 1% risk of failure)
Confirm with . or Enter, or press ? or * to list all spells.
You can't see any susceptible monsters within range! (Use Z to cast anyway.) Unknown command.
Press: ? - help, v - describe, . - travel
Here: an efreet, wielding a +0 scimitar of flaming (translocational energy, heavily wounded)
The floor.
Unknown command.
The efreet gestures at you.
The fireball explodes!
The fireball engulfs you!!
You die...

....#### .......#
#......## #........
#....... ##...... ##...##
# ### ##.....## #.##.##
##@......##
#.#...####.........####..
#........'....†.R☼......
#.#...####........°.#..
#.##.## ##.........# #
###...##### ##........#
#.........# ##....#.#)#
#.###.###.# ##+#....#[.
#.# #.# #.# #....#.)..


You could see an efreet.

Vanquished Creatures
  Gastronok (D:12)
  An ettin (D:15)
  3 hydras
  2 boulder beetles (D:14)
  A catoblepas (D:14)
  3 tengu warriors
  4 centaur warriors
  3 two-headed ogres
  Urug (D:13)
  A deep elf knight (D:15)
  An unseen horror (D:14)
  A deep troll (D:15)
  An orc knight (Bailey)
  A deep elf mage (D:14)
  7 ugly things
  A cyclops (D:13)
  Maurice (D:8)
  4 manticores
  Maggie (D:6)
  3 centaur skeletons
  A gargoyle (D:10)
  4 kobold demonologists
  2 komodo dragons
  A tengu conjurer (D:15)
  A queen bee (D:11)
  6 trolls
  A harpy skeleton (D:14)
  21 yaks
  5 water elementals
  16 humans (D:13)
  2 steam dragons (D:6)
  3 wyverns
  2 wraiths
  An acid dragon (D:14)
  3 water moccasins
  3 sky beasts
  A necrophage (D:13)
  3 phantoms
  2 ice beasts
  9 orc warriors
  2 eyes of draining
  9 ogres
  2 black bears
  19 centaurs
  2 lemures
  6 big kobolds
  7 bullfrogs
  A gnoll sergeant (D:7)
  2 scorpions
  14 killer bees
  25 wights
  4 electric eels
  5 howler monkeys
  A bullfrog zombie (D:12)
  8 jellies
  4 centaur zombies
  2 hounds
  8 orc priests
  2 bullfrog skeletons
  8 orc wizards
  7 iguanas
  9 worker ants
  2 hound zombies
  2 hound skeletons (D:4)
  A worker ant zombie (D:7)
  10 gnolls
  A howler monkey skeleton (D:4)
  13 adders
  A shadow imp (D:10)
  3 white imps
  An ufetubus (D:5)
  5 oozes
  An adder skeleton (D:4)
  An adder zombie (D:5)
  2 worms (D:3)
  5 dart slugs
  7 leopard geckos
  55 orcs
  3 ball pythons
  7 giant cockroaches
  12 goblins
  8 hobgoblins
  18 jackals
  33 kobolds
  5 quokkas
  9 bats
  6 frilled lizards
  A jackal skeleton (D:5)
  11 rats
498 creatures vanquished.

Vanquished Creatures (others)
  Fannar (D:12)
  10 fungi (D:6)
  42 plants (D:11)
53 creatures vanquished.

Grand Total: 551 creatures vanquished

Notes
Turn   | Place    | Note
-------+----------+-------------------------------------------
     0 | D:1      | somkeydreadnuts the Gargoyle Earth Elementalist began the
                  | quest for the Orb.
     0 | D:1      | Reached XP level 1. HP: 10/10 MP: 3/3
   124 | D:1      | Reached XP level 2. HP: 4/15 MP: 1/5
   685 | D:1      | Reached XP level 3. HP: 19/19 MP: 4/6
   720 | D:1      | Reached skill level 5 in Earth Magic
  1225 | D:2      | Found a snail-covered altar of Cheibriados.
  1235 | D:2      | Found a burning altar of Makhleb.
  1236 | D:2      | Found an opulent altar of Gozag.
  1236 | D:2      | Found a blossoming altar of Fedhas.
  1238 | D:2      | Found a radiant altar of Vehumet.
  1258 | D:2      | Became a worshipper of Vehumet
  1444 | D:2      | Reached XP level 4. HP: 24/24 MP: 4/7
  1958 | D:3      | Reached XP level 5. HP: 27/28 MP: 1/8
  2192 | D:3      | Reached * piety under Vehumet
  2192 | D:3      | Offered knowledge of Freeze by Vehumet.
  2195 | D:3      | Learned a level 1 spell: Freeze
  2973 | D:4      | Reached skill level 1 in Axes
  2988 | D:4      | Reached XP level 6. HP: 22/32 MP: 7/9
  2995 | D:4      | Learned a level 5 spell: Lee's Rapid Deconstruction
  3504 | D:4      | Noticed Pikel
  4082 | D:5      | Entered Level 5 of the Dungeon
  4384 | D:5      | Reached XP level 7. HP: 34/36 MP: 10/10
  4403 | D:5      | Found Nuoguli's Antique Armour Emporium.
  4487 | D:5      | Offered knowledge of Foxfire by Vehumet.
  4487 | D:5      | Reached skill level 1 in Shields
  4574 | D:5      | Reached ** piety under Vehumet
  4867 | D:5      | Reached skill level 1 in Evocations
  4867 | D:5      | Reached XP level 8. HP: 40/41 MP: 11/11
  5089 | D:5      | Found a shimmering altar of Xom.
  5195 | D:5      | Found a broken altar of Ashenzari.
  5294 | D:5      | Reached skill level 5 in Shields
  5685 | D:6      | Noticed Maggie
  5697 | D:6      | Killed Maggie
  6166 | D:6      | Found an iron altar of Okawaru.
  6171 | D:6      | Found Cysykh's Antique Armour Shop.
  6262 | D:6      | Found a staircase to the Ecumenical Temple.
  7033 | D:7      | Reached XP level 9. HP: 50/50 MP: 5/12
  7185 | D:7      | Offered knowledge of Dazzling Flash by Vehumet.
  7316 | D:7      | Reached *** piety under Vehumet
  7522 | D:7      | Reached skill level 5 in Fighting
  7580 | D:7      | Identified the +7 short sword of the Hand {venom, rC+ MR+
                  | Str+3}
  7598 | D:7      | Offered knowledge of Inner Flame by Vehumet.
  7598 | D:7      | Reached skill level 5 in Armour
  7828 | D:7      | Found a hazy altar of Hepliaklqana.
  7974 | D:8      | Noticed Maurice
  7976 | D:8      | Found a stormy altar of Qazlal.
  7987 | D:8      | Killed Maurice
  7994 | D:8      | Learned a level 3 spell: Inner Flame
  8252 | D:8      | You fall into a shaft and drop 1 floor!
  8382 | D:9      | Found an ancient bone altar of Kikubaaqudgha.
  8514 | D:9      | Found a white marble altar of Elyvilon.
  8559 | D:9      | Noticed Erolcha
  8673 | D:9      | Found a flagged portal.
  8695 | Bailey   | Entered a bailey
  8711 | Bailey   | Reached **** piety under Vehumet
  8748 | Bailey   | Offered knowledge of Bolt of Magma by Vehumet.
  8753 | Bailey   | Noticed an orc knight
  8769 | Bailey   | Killed an orc knight
  8769 | Bailey   | Reached XP level 10. HP: 65/65 MP: 3/13
  8833 | Bailey   | Learned a level 5 spell: Bolt of Magma
  9124 | D:9      | Noticed a two-headed ogre
  9136 | D:9      | Killed a two-headed ogre
  9136 | D:9      | Reached skill level 1 in Fire Magic
  9242 | D:9      | Noticed an eight-headed hydra
  9252 | D:9      | Noticed a boulder beetle
  9495 | D:8      | Got a scorched broad axe
  9496 | D:8      | Identified the +10 broad axe "Kijah" {venom, +Blink rF-
                  | Int+5} (You found it on level 8 of the Dungeon)
  9531 | D:8      | Reached skill level 1 in Conjurations
  9670 | D:8      | Found a staircase to the Lair.
  9738 | D:8      | Got a twisted leather armour
  9750 | D:8      | Identified the +1 leather armour of Lurri {+Fly rC++} (You
                  | found it on level 8 of the Dungeon)
 10423 | D:10     | Entered Level 10 of the Dungeon
 10570 | D:10     | Reached ***** piety under Vehumet
 10592 | D:10     | Offered knowledge of Fulminant Prism by Vehumet.
 10600 | D:10     | Noticed a gargoyle
 10603 | D:10     | Killed a gargoyle
 10752 | D:10     | Reached skill level 5 in Fire Magic
 10817 | D:10     | Reached XP level 11. HP: 71/71 MP: 14/14
 11012 | D:10     | Reached skill level 5 in Conjurations
 12112 | D:11     | Found Kosaes's Jewellery Shop.
 12176 | D:11     | Bought the ring "Yraeg" {rElec MR+ AC+4} for 778 gold
                  | pieces
 12267 | D:11     | Noticed a cyan ugly thing
 12278 | D:11     | Killed a cyan ugly thing
 12280 | D:11     | Found Wufugo's Assorted Antiques.
 12312 | D:11     | Found Tuyxiuwe's Antique Armour Boutique.
 12530 | D:11     | Found Pyfi's Jewellery Shop.
 12620 | D:11     | Found Hemp's Distillery.
 12627 | D:11     | Bought a potion of heal wounds for 70 gold pieces
 12627 | D:11     | Bought a potion of heal wounds for 70 gold pieces
 12665 | D:11     | Reached skill level 10 in Earth Magic
 12667 | D:11     | Offered knowledge of Starburst by Vehumet.
 12787 | D:11     | Found a staircase to the Orcish Mines.
 13088 | D:12     | Noticed a manticore
 13092 | D:12     | Killed a manticore
 13193 | D:12     | Noticed a manticore
 13197 | D:12     | Killed a manticore
 13289 | D:12     | Noticed Fannar
 13299 | D:12     | Killed Fannar
 13307 | D:12     | Learned a level 6 spell: Starburst
 13499 | D:12     | Noticed an eight-headed hydra
 13504 | D:12     | Reached skill level 5 in Spellcasting
 13505 | D:12     | Killed an eight-headed hydra
 13505 | D:12     | Reached XP level 12. HP: 65/76 MP: 6/20
 14091 | D:12     | Noticed Gastronok
 14101 | D:12     | Killed Gastronok
 14396 | D:13     | Found a gate to the Vaults.
 14396 | D:13     | Noticed Urug
 14396 | D:13     | Noticed a two-headed ogre
 14396 | D:13     | Noticed a centaur warrior
 14456 | D:13     | Noticed a four-headed hydra
 14465 | D:13     | Killed a five-headed hydra
 14586 | D:13     | Reached skill level 10 in Spellcasting
 14614 | D:13     | Offered knowledge of Iron Shot by Vehumet.
 14622 | D:13     | Learned a level 6 spell: Iron Shot
 14632 | D:13     | Killed a two-headed ogre
 14723 | D:13     | Killed Urug
 14745 | D:13     | Reached skill level 5 in Evocations
 14745 | D:13     | Reached XP level 13. HP: 43/80 MP: 5/27
 15523 | D:14     | Reached ****** piety under Vehumet
 15827 | D:14     | Found Etoeng Xela's Weapon Shop.
 15838 | D:14     | Bought 21 stones for 37 gold pieces
 16133 | D:14     | Offered knowledge of Irradiate by Vehumet.
 16185 | D:14     | Reached skill level 10 in Evocations
 16617 | D:14     | Gained mutation: Your large and strong wings let you fly
                  | indefinitely. [Gargoyle growth]
 16617 | D:14     | Reached XP level 14. HP: 61/86 MP: 22/28
 17130 | D:15     | Entered Level 15 of the Dungeon
 17228 | D:15     | Reached skill level 5 in Dodging
 17246 | D:15     | Killed from afar by an efreet

Illustrated notes

Levels and vault maps discovered:
D:1:      dpeg_arrival_chambers_temple_mockup, layout_rooms,
          chequers_serial_rivers_room_a
D:2:      layout_basic, old_standard_altar,
          chequers_temple_overflow_statue_of_worship
D:3:      layout_loops_cross
D:4:      layout_cave_pools, hangedman_minor_gate_pass, uniq_pikel,
          uniq_eustachio
D:5:      layout_basic, old_standard_altar, evilmike_ruin_ashenzari,
          serial_shops, shop, grunt_ministairs_14
D:6:      kennysheep_steamy, layout_rooms, okawaru_trees_1,
          minmay_temple_entry_hall, serial_shops, nicolae_shop_crystal,
          nicolae_benzene_ring, uniq_maggie
D:7:      layout_cave_pools, kennysheep_mini
D:8:      layout_gridville, lemuel_crystal_altar, lair_entry_dummy,
          minmay_misc_feat_plants, hangedman_abyss_or_decor_lesser_grid,
          hangedman_decor_push, uniq_maurice
D:9:      layout_roguey, kennysheep_ying_yang, lemuel_doored_altar,
          enter_bailey_3, minivault_12, uniq_erolcha
D:10:     layout_loops_ring, chequers_serial_rivers_small_b, minmay_crystal_room
D:11:     layout_loops_ring, hiddenorc1_lemuel, serial_shops, shop,
          shop_fountains, nicolae_shop_window_shopping,
          nicolae_shop_statue_plus, nicolae_shop_waterfront,
          serial_bayou_ford_a, nicolae_looking_at_the_future
D:12:     layout_gridville, uniq_gastronok, uniq_fannar
D:13:     layout_cave_pools, david_vaults_3
D:14:     layout_basic, serial_shops, shop, st_stairs_14
D:15:     hangedman_depths_entry_civil_slaughter, layout_loops_corners,
          basic_altar, minmay_misc_feat_hallway, grunt_qazlal_clouds

Skill      XL: |  1  2  3  4  5  6  7  8  9 10 11 12 13 14 |
---------------+-------------------------------------------+-----
Earth Magic    | 4 5 6 7 8 9 10 | 10.1
Axes           | 1 |  1.2
Shields        | 4 7 |  7.0
Evocations     | 1 2 5 10 | 10.4
Fighting       | 3 8 9 |  9.5
Armour         | 3 6 |  6.5
Fire Magic     | 5 7 |  7.1
Conjurations   | 4 7 |  7.2
Spellcasting   | 5 10 | 10.0
Dodging        | 3 6 |  6.1
Short Blades   | |  0.5
Stealth        | |  2.1
Unarmed Combat | |  0.2
Transmutations | |  0.7

Action                   |  1- 3 |  4- 6 |  7- 9 | 10-12 | 13-15 || total
-------------------------+-------+-------+-------+-------+-------++-------
Melee: Unarmed           |    61 |       |    12 |       |       ||    73
       Dagger            |    44 |    58 |       |       |       ||   102
       War axe           |       |   110 |   109 |    25 |       ||   244
       Battleaxe         |       |       |    10 |       |       ||    10
       Broad axe         |       |       |       |   171 |   158 ||   329
 Cast: Sandblast         |    25 |    54 |   120 |   119 |    44 ||   362
       Lee's Rapid Decon |       |     2 |     9 |    15 |     9 ||    35
       Bolt of Magma     |       |       |       |    39 |    22 ||    61
       Starburst         |       |       |       |     5 |       ||     5
       Iron Shot         |       |       |       |     2 |     3 ||     5
 Abil: Evoke Blink       |       |       |       |       |     1 ||     1
Evoke: Wand              |       |     2 |       |       |       ||     2
       Lightning rod     |       |       |       |     2 |       ||     2
  Use: Potion            |       |     7 |     2 |       |     2 ||    11
       Scroll            |       |     1 |     2 |    14 |       ||    17
 Stab: Sleeping          |     2 |     1 |       |     4 |     2 ||     9
       Distracted        |       |       |     1 |       |       ||     1
Armor: Robe              |    42 |    93 |    19 |       |       ||   154
       Steam dragon scal |       |       |   147 |   196 |   121 ||   464
Dodge: Dodged            |    66 |   167 |   244 |   181 |   115 ||   773
Block: Buckler           |       |       |    49 |   105 |    79 ||   233

Table legend: (Time is in decaauts)
 A = Elapsed time spent in this place.
 B = Non-inter-level travel time spent in this place.
 C = Inter-level travel time spent in this place.
 D = Time resting spent in this place.
 E = Time spent auto-exploring this place.
 F = Levels seen in this place.
 G = Mean time per level.
                   A        B        C        D        E       F      G
               +--------+--------+--------+--------+--------+-----+--------+
         Total |  17562 |  17562 |      0 |      0 |  11306 |  16 | 1097.6 |
       Dungeon |  17203 |  17203 |      0 |      0 |  11169 |  15 | 1146.9 |
        Bailey |    358 |    358 |      0 |      0 |    137 |   1 |  358.0 |
               +--------+--------+--------+--------+--------+-----+--------+

Top non-repeatable levels by time:
    D:14: 1674 daAuts
     D:5: 1610 daAuts
     D:6: 1582 daAuts
    D:11: 1494 daAuts
    D:12: 1478 daAuts
     D:3: 1394 daAuts
     D:8: 1203 daAuts
    D:13: 1127 daAuts
    D:10: 1103 daAuts
     D:1: 1035 daAuts
     D:9: 936 daAuts
     D:2: 855 daAuts
     D:4: 842 daAuts
     D:7: 740 daAuts
  Bailey: 358 daAuts
